 Dungeon Crawl Stone Soup version 0.24.0-7-gb3623d2c88 (webtiles) character file.

Game seed: 7231045164028205268, levelgen mode: deterministic

575526 Jannitor the Warrior (level 27, -2/223 HPs)
             Began as a Vine Stalker Earth Elementalist on Nov 2, 2019.
             Was the Champion of Ashenzari.
             Killed by drain life
             ... invoked by a deathcap
             ... summoned by a curse toe
              (6 damage)
             ... on level 1 of the Realm of Zot.
             The game lasted 03:54:37 (63808 turns).

Jannitor the Warrior (VSEE)                        Turns: 63808, Time: 03:54:38

Health: -2/223     AC: 27    Str: 21    XL:     27
Magic:  0/35       EV: 34    Int: 26    God:    Ashenzari [******]
Gold:   2298       SH: 21    Dex: 26    Spells: 13/58 levels left

rFire    + + .     SeeInvis +   W - +9 demon blade (elec) (curse)
rCold    + + .     Gourm    .   r - +5 shield "Temiefin" {rElec MP-9 Str+3} (curse)
rNeg     . . .     Faith    +   q - +6 faerie dragon scales {MR- rCorr Dex+6 Stlth+} (curse)
rPois    .         Spirit   +   (helmet restricted)
rElec    +         Reflect  .   l - +1 cloak "Gujiac" {rF+ rC+} (curse)
rCorr    +         Harm     .   Y - +1 pair of gloves "Fakhlel" {Stlth+} (curse)
MR       ++++.     Clarity  +   u - +2 pair of boots (curse) Stlth ..........NoTele +
                                p - amulet "Ojoup" {Faith MR+ Int+5} (curse)
HPRegen  2.27/turn              m - ring "Tibase" {+Inv rElec rF++ EV+4 Str-4} (curse)
MPRegen  0.24/turn              g - ring of the Leaf {Ice -Tele Str+2 Int+4 Stlth+}

@: berserking, regenerating, deflect missiles, very quick
A: fangs 3, horns 1, iridescent scales 1, magic resistance 1, regeneration 2,
weak 1, evolution 1, magic shield, antimagic bite, no potion heal 3, rot
immunity, MP-powered wands
}: 3/15 runes: decaying, serpentine, silver
a: Curse Item, Scrying, Transfer Knowledge, Renounce Religion, Evoke
Invisibility


You were on level 1 of the Realm of Zot.
You worshipped Ashenzari.
Ashenzari was exalted by your worship.
You were not hungry.

You visited 9 branches of the dungeon, and saw 45 of its levels.
You visited the Abyss 1 time.
You also visited: Trove, Gauntlet and Ice Cave.

You collected 6945 gold pieces.
You spent 4647 gold pieces at shops.

Inventory:

Hand Weapons
 W - a cursed +9 demon blade of electrocution (weapon)
Armour
 l - the cursed +1 cloak "Gujiac" (worn) {rF+ rC+}
   (You found it on level 5 of the Vaults)

   It protects you from fire.
   It protects you from cold.
   It has a curse placed upon it.
 q - the cursed +6 faerie dragon scales (worn) {MR- rCorr Dex+6 Stlth+}
   (You took it off the Enchantress on level 3 of the Depths)

   It affects your dexterity (+6).
   It affects your resistance to hostile enchantments.
   It provides partial protection from all sources of acid and corrosion.
   It makes you more stealthy.
   It has a curse placed upon it.
 r - the cursed +5 shield "Temiefin" (worn) {rElec MP-9 Str+3}
   (You acquired it on level 5 of the Vaults)

   It affects your strength (+3).
   It insulates you from electricity.
   It affects your magic capacity (-9).
   It has a curse placed upon it.
 u - a cursed +2 pair of boots (worn)
 V - a +3 scale mail of positive energy
 Y - the cursed +1 pair of gloves "Fakhlel" (worn) {Stlth+}
   (You found it in a Gauntlet)

   It makes you more stealthy.
   It has a curse placed upon it.
Jewellery
 g - the ring of the Leaf (right hand) {Ice -Tele Str+2 Int+4 Stlth+}
   (You took it off a deep elf blademaster on level 3 of the Elven Halls)

   [ring of ice]

   It enhances your ice magic.
   It affects your strength (+2).
   It affects your intelligence (+4).
   It makes you vulnerable to fire.
   It protects you from cold.
   It prevents most forms of teleportation.
   It makes you more stealthy.
 m - the cursed ring "Tibase" (left hand) {+Inv rElec rF++ EV+4 Str-4}
   (You bought it in a shop on level 2 of the Elven Halls)

   [ring of evasion]

   It affects your evasion (+4).
   It affects your strength (-4).
   It greatly protects you from fire.
   It insulates you from electricity.
   It lets you turn invisible.
   It has a curse placed upon it.
 p - the cursed amulet "Ojoup" (around neck) {Faith MR+ Int+5}
   (You found it in a treasure trove)

   [amulet of faith]

   It allows you to gain divine favour quickly.
   It affects your intelligence (+5).
   It affects your resistance to hostile enchantments.
   It has a curse placed upon it.
 s - an uncursed ring of resist corrosion
 H - the ring of Umepn {rC+ Str+4 Slay+3}
   (You took it off a deep elf high priest on level 3 of the Elven Halls)

   [ring of slaying]

   It affects your strength (+4).
   It affects your accuracy and damage with ranged weapons and melee attacks
   (+3).
   It protects you from cold.
Wands
 c - a wand of clouds (12)
 o - a wand of acid (7)
 v - a wand of enslavement (7)
 x - a wand of disintegration (40)
 M - a wand of iceblast (30)
 P - a wand of paralysis (40)
 U - a wand of scattershot (9)
 Z - a wand of digging (6)
Scrolls
 e - 20 scrolls of teleportation
 k - 8 scrolls of magic mapping
 n - 5 scrolls of remove curse
 w - 3 scrolls of fear
 A - 27 scrolls of identify
 D - 2 scrolls of holy word
 G - 6 scrolls of immolation
 J - 6 scrolls of blinking
 O - a scroll of silence
 Q - 4 scrolls of fog
 X - 2 scrolls of summoning
Potions
 a - 3 potions of mutation
 b - a potion of invisibility
 f - 10 potions of haste
 i - 2 potions of flight
 j - 7 potions of might
 t - 6 potions of magic
 z - 11 potions of brilliance
 B - 3 potions of berserk rage
 C - 20 potions of curing
 E - 4 potions of agility
 F - 7 potions of ambrosia
 K - 8 potions of lignification
 L - a potion of resistance
 S - 5 potions of cancellation
Miscellaneous
 I - a phial of floods
 N - 7 sacks of spiders
 R - 3 phantom mirrors
 T - 2 boxes of beasts
Comestibles
 d - 50 rations


   Skills:
 * Level 17.0 Fighting
   Level 9.7(12.5) Short Blades
 - Level 12.8(17.7) Long Blades
 + Level 15.0 Armour
 + Level 14.9(17.5) Dodging
 - Level 13.6(16.2) Stealth
 - Level 13.5(16.1) Shields
 - Level 16.0 Spellcasting
 + Level 9.7(12.5) Conjurations
 - Level 4.9(7.9) Hexes
 - Level 9.2(12.1) Charms
 - Level 6.2(9.3) Summonings
 - Level 5.4(8.4) Necromancy
 - Level 5.3(8.3) Transmutations
 - Level 10.8(13.6) Air Magic
 + Level 13.7(16.3) Earth Magic
 - Level 7.1(10.2) Evocations


You had 13 spell levels left.
You knew the following spells:

 Your Spells              Type           Power        Failure   Level  Hunger
a - Sandblast             Erth           ######       0%          1    None
b - Passwall              Tmut/Erth      ######..     1%          2    None
c - Stone Arrow           Conj/Erth      ######       1%          3    None
d - Petrify               Tmut/Erth      ######..     1%          4    None
e - Summon Mana Viper     Hex/Summ       ######..     2%          5    None
f - Lee's Rapid Deconstr  Erth           #######...   1%          5    None
g - Song of Slaying       Chrm           ######..     1%          2    None
h - Regeneration          Chrm/Necr      ######....   1%          3    None
i - Spectral Weapon       Hex/Chrm       ######..     1%          3    None
j - Deflect Missiles      Chrm/Air       ######....   2%          6    ####...
k - Iron Shot             Conj/Erth      #######...   1%          6    ####...
l - Irradiate             Conj/Tmut      ######....   1%          5    None

Your spell library contained the following spells:

 Spells                   Type           Power        Failure   Level  Hunger
 Shock                    Conj/Air       ####         0%          1    None
 Animate Skeleton         Necr           N/A          1%          1    None
 Corona                   Hex            ######.      1%          1    None
 Flame Tongue             Conj/Fire      #####        1%          1    None
 Infusion                 Chrm           ####         1%          1    None
 Magic Dart               Conj           ####         1%          1    None
 Pain                     Necr           ####         1%          1    None
 Sting                    Conj/Pois      ####         1%          1    None
 Summon Butterflies       Summ           ######..     1%          1    None
 Summon Small Mammal      Summ           ####         1%          1    None
 Call Imp                 Summ           ######..     1%          2    None
 Corpse Rot               Necr           N/A          1%          2    None
 Ensorcelled Hibernation  Hex/Ice        ######       1%          2    None
 Poisonous Vapours        Pois/Air       ######       1%          2    None
 Searing Ray              Conj           ######       1%          2    None
 Shroud of Golubria       Chrm/Tloc      ######       1%          2    None
 Slow                     Hex            ######..     1%          2    None
 Swiftness                Chrm/Air       ######..     1%          2    None
 Throw Flame              Conj/Fire      ######       1%          2    None
 Throw Frost              Conj/Ice       ######       1%          2    None
 Confuse                  Hex            ######..     1%          3    None
 Conjure Flame            Conj/Fire      ######..     1%          3    None
 Dazzling Spray           Conj/Hex       ######       1%          3    None
 Inner Flame              Hex/Fire       #####...     1%          3    None
 Mephitic Cloud           Conj/Pois/Air  ######..     1%          3    None
 Ozocubu's Armour         Chrm/Ice       ######..     1%          3    None
 Portal Projectile        Hex/Tloc       #####.       1%          3    None
 Recall                   Summ/Tloc      N/A          1%          3    None
 Static Discharge         Conj/Air       ######..     1%          3    None
 Tukima's Dance           Hex            ######..     1%          3    None
 Vampiric Draining        Necr           ######....   1%          3    None
 Airstrike                Air            #######...   1%          4    None
 Animate Dead             Necr           N/A          1%          4    None
 Cause Fear               Hex            ######....   1%          4    None
 Force Lance              Conj/Tloc      ######..     1%          4    None
 Fulminant Prism          Conj/Hex       ######....   1%          4    None
 Iskenderun's Mystic Bla  Conj           ######..     1%          4    None
 Leda's Liquefaction      Hex/Erth       ######....   1%          4    None
 Sticky Flame             Conj/Fire      ######..     1%          4    None
 Summon Lightning Spire   Summ/Air       ######..     1%          4    None
 Throw Icicle             Conj/Ice       ######..     1%          4    None
 Bolt of Magma            Conj/Fire/Erth ######....   1%          5    None
 Borgnjor's Vile Clutch   Necr/Erth      ######....   1%          5    None
 Iskenderun's Battlesphe  Conj/Chrm      ######..     1%          5    None
 Lightning Bolt           Conj/Air       ######....   1%          5    None
 Silence                  Hex/Air        ######....   1%          5    None
 Conjure Ball Lightning   Conj/Air       ######....   1%          6    ####...
 Apportation              Tloc           ###...       2%          1    None
 Freeze                   Ice            ####         2%          1    None
 Ignite Poison            Fire/Tmut/Pois #####...     2%          3    None
 Blade Hands              Tmut           ######....   2%          5    None
 Statue Form              Tmut/Erth      ######...    2%          6    ####...
 Blink                    Tloc           N/A          3%          2    None
 Yara's Violent Unravell  Hex/Tmut       ######....   3%          5    None
 Ice Form                 Ice/Tmut       ######..     4%          4    None
 Summon Ice Beast         Ice/Summ       ######..     4%          4    None
 Fireball                 Conj/Fire      ######....   5%          5    None
 Venom Bolt               Conj/Pois      ######....   5%          5    None
 Gell's Gravitas          Tloc           ###.......   8%          3    None
 Lesser Beckoning         Tloc           ###.......   8%          3    None
 Teleport Other           Tloc           ###.....     8%          3    None
 Shadow Creatures         Summ           N/A          10%         6    ####...
 Summon Forest            Summ/Tloc      #####.....   11%         5    None
 Freezing Cloud           Conj/Ice/Air   #######...   12%         6    ####...
 Alistair's Intoxication  Tmut/Pois      #####...     14%         5    None
 Metabolic Englaciation   Hex/Ice        ######....   14%         5    None
 Hydra Form               Tmut           ######....   14%         6    ####...
 Orb of Destruction       Conj           ######....   14%         7    #####..
 Darkness                 Hex            ######....   17%         6    ####...
 Invisibility             Hex            ######..     17%         6    ####...
 Olgreb's Toxic Radiance  Pois           ###.....     24%         4    None
 Passage of Golubria      Tloc           N/A          24%         4    None
 Spellforged Servitor     Conj/Summ      ######....   28%         7    #####..
 Bolt of Cold             Conj/Ice       ######....   30%         6    ####...
 Bolt of Fire             Conj/Fire      ######....   30%         6    ####...
 Monstrous Menagerie      Summ           ######....   47%         7    #####..
 Summon Greater Demon     Summ           ######....   47%         7    #####..
 Summon Hydra             Summ           ######....   47%         7    #####..
 Simulacrum               Ice/Necr       ######....   58%         6    ####...
 Dragon Form              Tmut           ######....   63%         7    #####..
 Dispersal                Tloc           ###.......   98%         6    ####...
 Ozocubu's Refrigeration  Ice            ####......   98%         6    ####...
 Malign Gateway           Summ/Tloc      #####.....   98%         7    #####..
 Shatter                  Erth           #######...   98%         9    #######
 Summon Horrible Things   Summ           ######....   99%         8    #######
 Controlled Blink         Tloc           N/A          100%        8    #######
 Discord                  Hex            ######....   100%        8    #######
 Disjunction              Tloc           ###.......   100%        8    #######
 Ignition                 Fire           ###.......   100%        8    #######
 Dragon's Call            Summ           ######....   100%        9    #######
 Tornado                  Air            #######...   100%        9    #######


Dungeon Overview and Level Annotations

Branches:
Dungeon (15/15)            Temple (0/1) D:4            Lair (6/6) D:11
  Swamp (4/4) Lair:2        Snake (4/4) Lair:4        Slime (0/5) Lair:6
    Orc (2/2) D:10            Elf (3/3) Orc:2        Vaults (5/5) D:13
  Crypt (0/3) Vaults:3     Depths (5/5) D:15            Zot (1/5) Depths:5
  IceCv (visited)         Gauntlet (visited)

Altars:
Ashenzari
Dithmenos
Elyvilon
Fedhas
Gozag
Kikubaaqudgha
Ru
Trog
Wu Jian
Xom
The Shining One
Beogh
Jiyva

Shops:
D:4 !   D:11 (   D:12 [([[   Orc:2 [(((   Elf:2 **=   Elf:3 }   Snake:4 ?
Depths:1 %*

Portals:
Hell: Depths:1 Depths:2 Depths:3 Depths:4 Depths:5
Abyss: Depths:4
Pandemonium: Depths:3
Ziggurat: Depths:4

Annotations:
D:4 Sigmund
D:5 exclusions: 2 gnolls, gnoll shaman and ice beast
D:8 exclusions: queen bee and 2 more exclusions
D:9 exclusions: big kobold, door, 2 kobolds, troll, two-headed ogre and 4 wights
Snake:3 Mara
Vaults:3 Mennas
Depths:4 3 runed translucent doors, exclusion: 2 doors


Innate Abilities, Weirdness & Mutations

You have razor-sharp teeth.
You heal very quickly.
When hurt, damage is shared between your health and your magic reserves.
Your bite disrupts and absorbs the magic of your enemies.
Potions cannot restore your health.
You are immune to rotting.
You have a pair of small horns on your head.
You are partially covered in iridescent scales. (AC +2)
You are resistant to hostile enchantments. (MR+)
You are weak. (Str -2)
You evolve.
You expend magic power (3 MP) to strengthen your wands.


Message History

You slice the curse toe!! You headbutt the curse toe.
You bite the curse toe, but do no damage.
The curse toe is almost destroyed.
The deathcap releases spores at you!!
* * * LOW HITPOINT WARNING * * *
You are engulfed in a cloud of spores!
Unknown command.
You hit the curse toe but do no damage.
You bite the curse toe, but do no damage.
The curse toe is almost destroyed.
You barely miss the curse toe. You bite the curse toe.
The curse toe's magic leaks into the air.
You drain its magic.
You feel invigorated.
The curse toe is almost destroyed.
You slash the curse toe!
You headbutt the curse toe, but do no damage.
The curse toe is almost destroyed.
You block the deathcap's attack.
The deathcap draws from the surrounding life force!
You die...

##.##.#########..## #.#......
#.##.##.... ,,###.## #..#.....
#.#.##.#######{,##.#######.......
.##.#.##..§[)###,##.##..##..#....
.#.##.###'###.○##,##.#..##...#...
.#.#.##....^###.##,#.#..###..##..
.#.#.#.§.....###f# #.#.######.##.
.#☼#.#d.{>{..#.#z#,#.#....#.#....
.#D#.'..>.{.°'.#@# #...#.......#.
.#○#.#...>.°.#.#f# ######)..##.##
.#[###.z...(.#[#f# ##...####
.##)###.☼°.(##.#f# ##...#.#
#.##).###'###.##f# ##.....
##.###.[...##.#.##,* ##....
.##..#######.##.# * #..#=.
#.###..{.y..##.##,* ####.#
##..#########.##, #^##


You could see a curse toe, 3 deathcaps and 2 wandering mushrooms.

Vanquished Creatures
  An ancient lich (Vaults:5)
  Boris (Vaults:3)
  the Lernaean hydra (Swamp:4)
  5 caustic shrikes (Depths:4)
  9 golden dragons
  the Enchantress (Depths:3)
  An electric golem (Depths:5)
  7 liches
  9 tentacled monstrosities
  2 deep elf master archers (Elf:3)
  Asterion (Vaults:2)
  3 deep elf blademasters (Elf:3)
  2 quicksilver dragons
  3 titans
  5 sphinxes
  2 death cobs (Zot:1)
  Agnes (Snake:1)
  Kirke (Swamp:3)
  9 tengu reavers
  8 shadow dragons
  A thorn hunter (Swamp:3)
  3 draconian monks (Zot:1)
  6 storm dragons
  5 frost giants
  10 nagarajas
  13 fire giants
  2 iron dragons
  5 draconian knights
  10 deep elf sorcerers
  Aizul (Snake:1)
  An orc warlord (Orc:1)
  6 deep elf elementalists (Elf:3)
  3 draconian shifters
  12 ironheart preservers
  12 vault wardens
  3 spriggan defenders (Depths:3)
  2 draconian stormcallers
  3 war gargoyles
  An entropy weaver (shapeshifter) (Vaults:5)
  An entropy weaver (Vaults:5)
  26 very ugly things
  20 stone giants
  2 green draconians
  9 deep elf demonologists
  8 black draconians
  3 yellow draconians
  7 deep elf annihilators
  2 minotaurs
  5 purple draconians
  Azrael (Orc:2)
  4 white draconians (Zot:1)
  7 red draconians
  A spark wasp (Depths:2)
  8 deep elf death magi
  2 merfolk javelineers
  15 ettins
  3 jiangshi
  2 merfolk impalers (Depths:4)
  Josephine (Orc:2)
  12 yaktaur captains
  7 fire dragons
  8 deep elf high priests
  A rakshasa (Vaults:1)
  7 great orbs of eyes
  9 ice dragons
  9 naga warriors
  29 vault guards
  A hell beast (Depths:3)
  18 hydras
  5 spriggan air magi
  3 ghost crabs
  41 two-headed ogres
  2 shambling mangroves
  17 centaur warriors
  14 ogre magi
  12 anacondas
  A death knight (Vaults:4)
  16 alligators
  32 dancing weapons
  8 deep troll shamans
  5 deep troll earth magi
  6 tengu warriors
  8 spriggan berserkers
  Urug (D:11)
  5 death yaks (Lair:3)
  A vampire mage (Depths:1)
  5 shock serpents
  2 orc high priests
  10 naga sharpshooters
  A soul eater (Depths:3)
  19 deep elf knights
  22 skeletal warriors
  A golden dragon zombie (Vaults:4)
  9 iron trolls
  3 spriggan druids
  22 deep trolls
  A glowing orange brain (shapeshifter) (Depths:4)
  3 salamander mystics
  3 unseen horrors
  5 flayed ghosts
  8 swamp dragons
  6 glowing orange brains
  9 wizards
  17 orc knights
  12 naga ritualists
  22 deep elf archers
  20 ironbrand convokers
  A gelid demonspawn (Depths:3)
  A necromancer (Vaults:4)
  4 harpies
  4 phantasmal warriors
  76 ugly things
  5 wolf spiders
  17 mana vipers
  72 deep elf magi
  2 orc sorcerers
  34 slime creatures
  3 manticores
  A stone giant skeleton (Vaults:3)
  2 worldbinders (Depths:1)
  3 cyclopes
  3 centaur zombies
  6 moths of wrath
  6 salamanders
  2 frost giant skeletons (Vaults:3)
  40 black mambas
  15 elephants
  5 guardian serpents
  An ice statue (Gauntlet)
  13 vault sentinels
  24 naga magi
  4 orange demons (Elf:3)
  3 gargoyles
  17 spiny frogs
  A komodo dragon (shapeshifter) (Depths:2)
  6 rime drakes
  66 yaktaurs
  8 komodo dragons
  4 freezing wraiths
  4 ice devils
  2 yaktaur skeletons (Vaults:3)
  A queen bee (Depths:2)
  5 tengu conjurers
  A merfolk (Snake:4)
  11 polar bears
  A polar bear (shapeshifter) (Elf:3)
  9 trolls
  A jumping spider (Vaults:5)
  2 raiju (Depths:1)
  10 tyrant leeches
  17 blink frogs
  17 hippogriffs
  A hippogriff (shapeshifter) (Vaults:3)
  15 hornets
  13 dream sheep
  7 bog bodies
  A redback (shapeshifter) (Depths:5)
  4 air elementals
  A meliai zombie (D:13)
  7 spriggans
  7 shadows
  5 wraiths
  7 redbacks
  30 yaks
  27 water elementals
  2 ettin skeletons
  4 fire elementals
  A hog (shapeshifter) (Elf:1)
  8 wyverns (Lair:6)
  A yak (shapeshifter) (Depths:1)
  4 basilisks
  2 hogs
  A human simulacrum (Vaults:4)
  3 hungry ghosts
  A yaktaur simulacrum (Vaults:3)
  17 vampire mosquitoes
  50 nagas
  A deep troll zombie (Vaults:4)
  An acid dragon (D:10)
  18 swamp worms
  2 soldier ants
  6 wargs
  A harpy simulacrum (D:15)
  20 water moccasins
  3 insubstantial wisps
  2 hell hounds (Orc:2)
  A soldier ant (shapeshifter) (Elf:3)
  17 porcupines
  10 swamp drakes
  3 sky beasts
  61 orc warriors
  An eye of draining (shapeshifter) (Depths:4)
  3 ice beasts
  An eye of draining (D:12)
  2 necrophages
  A phantom (D:9)
  39 ogres
  38 wolves
  6 human skeletons
  2 boggarts (Depths:1)
  23 centaurs
  A big kobold (D:14)
  8 crocodiles
  12 bullfrogs
  5 earth elementals
  8 scorpions
  2 hornet simulacra (Gauntlet)
  An elf simulacrum (Vaults:2)
  30 killer bees
  10 wights
  An electric eel (Lair:6)
  3 howler monkeys
  5 crimson imps
  A wyvern simulacrum (Gauntlet)
  2 bullfrog zombies
  7 hounds
  2 quasits
  3 centaur skeletons
  A gnoll shaman (D:5)
  A jelly (D:8)
  32 orc priests
  24 orc wizards
  3 bullfrog skeletons
  An iron imp (Depths:1)
  2 iguanas (D:12)
  9 worker ants
  4 lightning spires (Depths:1)
  A bullfrog simulacrum (Gauntlet)
  A centaur simulacrum (Gauntlet)
  2 hound zombies
  A hound skeleton (D:5)
  A worker ant zombie (D:8)
  10 gnolls
  13 adders
  An ufetubus (Vaults:3)
  An adder skeleton (D:9)
  2 worms (D:2)
  2 dart slugs
  4 leopard geckos
  128 orcs
  10 bats
  4 giant cockroaches
  18 goblins
  6 hobgoblins
  14 jackals
  3 quokkas
  A ball python (D:2)
  5 frilled lizards
  12 kobolds
  5 rats
  A briar patch (Swamp:3)
  2 crawling corpses (Elf:3)
  A fire vortex (Depths:5)
2214 creatures vanquished.

Vanquished Creatures (collateral kills)
  Boris (Depths:2)
  A draconian knight (Depths:5)
  A very ugly thing (Depths:5)
  A vampire knight (Depths:2)
  A deep elf death mage (Elf:3)
  A yaktaur captain (Depths:5)
  A deep troll (Depths:5)
7 creatures vanquished.

Vanquished Creatures (others)
  A fire giant (Vaults:4)
  A deep elf sorcerer (Elf:3)
  A hydra (Swamp:4)
  An ogre mage (Depths:1)
  2 deep elf knights
  A deep elf mage (Vaults:3)
  2 deep elf archers
  A vault sentinel (Vaults:4)
  A black mamba (Snake:2)
  2 yaktaurs (Vaults:5)
  A hornet (Swamp:4)
  A human (Swamp:3)
  3 swamp drakes (Swamp:4)
  A centaur (Orc:2)
  A vampire bat (Depths:1)
  3 ball lightnings (Depths:1)
  An orc (Orc:2)
  12 demonic plants (Gauntlet)
  18 fungi
  27 plants
  60 spectral weapons
  3 toadstools (D:1)
144 creatures vanquished.

Grand Total: 2365 creatures vanquished

Notes
Turn   | Place    | Note
-------+----------+-------------------------------------------
     0 | D:1      | Jannitor the Vine Stalker Earth Elementalist began the
                  | quest for the Orb.
     0 | D:1      | Reached XP level 1. HP: 9/9 MP: 4/4
    67 | D:1      | Reached XP level 2. HP: 7/13 MP: 0/6
   546 | D:1      | Reached XP level 3. HP: 14/16 MP: 7/7
  1215 | D:2      | Reached skill level 1 in Short Blades
  1284 | D:2      | Gained mutation: Your natural rate of healing is unusually
                  | fast. [Vine Stalker growth]
  1284 | D:2      | Reached XP level 4. HP: 17/21 MP: 3/9
  1441 | D:2      | Found a shattered altar of Ashenzari.
  1468 | D:2      | Became a worshipper of Ashenzari the Shackled
  1660 | D:2      | Found a shadowy altar of Dithmenos.
  1688 | D:2      | Reached XP level 5. HP: 22/25 MP: 8/10
  2136 | D:3      | Reached skill level 1 in Fighting
  2669 | D:3      | Found a white marble altar of Elyvilon.
  2673 | D:3      | Found a bloodstained altar of Trog.
  2680 | D:3      | Found a shattered altar of Ashenzari.
  2927 | D:3      | Learned a level 2 spell: Passwall
  2931 | D:3      | Learned a level 3 spell: Stone Arrow
  2936 | D:3      | Learned a level 4 spell: Petrify
  2951 | D:4      | Found a staircase to the Ecumenical Temple.
  2974 | D:4      | Noticed Sigmund
  2993 | D:4      | Reached XP level 6. HP: 27/30 MP: 6/12
  3103 | D:4      | Found a sacrificial altar of Ru.
  3135 | D:4      | Found Qutiskar's Distillery.
  3143 | D:4      | Bought a potion of haste for 110 gold pieces
  3143 | D:4      | Bought a potion of berserk rage for 55 gold pieces
  3143 | D:4      | Bought a potion of curing for 33 gold pieces
  3717 | D:5      | Entered Level 5 of the Dungeon
  3719 | D:5      | Noticed an ice beast
  3902 | D:5      | Reached skill level 2 in Fighting
  3902 | D:5      | Reached XP level 7. HP: 35/35 MP: 13/13
  3954 | D:5      | Reached skill level 5 in Stealth
  4334 | D:5      | Learned a level 3 spell: Confuse
  4449 | D:5      | Reached * piety under Ashenzari
  4669 | D:5      | Gained mutation: You have razor-sharp teeth. [Vine Stalker
                  | growth]
  4669 | D:5      | Reached XP level 8. HP: 39/39 MP: 10/15
  4760 | D:6      | Got the cursed dagger of the Scavenger {pain, rF+}
  4761 | D:6      | Identified the cursed +2 dagger of the Scavenger {pain,
                  | rF+} (You found it on level 6 of the Dungeon)
  4783 | D:6      | Found a glowing golden altar of the Shining One.
  4904 | D:6      | Identified the +4 long sword of the Lesser Evil {slice,
                  | *Contam rPois Str+10 Int-4}
  5236 | D:6      | Found a shimmering altar of Xom.
  5348 | D:6      | Found a shimmering altar of Xom.
  5422 | D:7      | Found a blossoming altar of Fedhas.
  5513 | D:7      | Reached skill level 5 in Earth Magic
  5665 | D:7      | Reached skill level 3 in Fighting
  5784 | D:7      | Reached ** piety under Ashenzari
  6687 | D:8      | Noticed a hippogriff
  6715 | D:8      | Killed a hippogriff
  6893 | D:6      | Reached skill level 5 in Spellcasting
  7267 | D:8      | Reached XP level 9. HP: 44/44 MP: 17/17
  7580 | D:8      | Found an ornate altar of the Wu Jian Council.
  7594 | D:8      | Reached skill level 4 in Fighting
  7889 | D:8      | Noticed a queen bee
  8739 | D:9      | Noticed a troll
  8753 | D:9      | Killed a troll
  8874 | D:9      | Reached skill level 5 in Transmutations
  8878 | D:9      | Noticed a two-headed ogre
  8878 | D:9      | Noticed a troll
  8930 | D:9      | Reached skill level 5 in Short Blades
  8936 | D:9      | Reached XP level 10. HP: 51/51 MP: 16/20
  9322 | D:9      | Reached skill level 5 in Fighting
  9540 | D:10     | Entered Level 10 of the Dungeon
  9809 | D:10     | Reached skill level 1 in Evocations
 10159 | D:10     | Found a staircase to the Orcish Mines.
 10880 | D:10     | Found a staircase to the Orcish Mines.
 11197 | D:11     | Found Xorusch's Antique Weapon Shoppe.
 11376 | D:11     | Found a staircase to the Lair.
 11459 | D:11     | Noticed Urug
 11704 | D:11     | Noticed a purple ugly thing
 11716 | D:11     | Killed a purple ugly thing
 11716 | D:11     | Reached XP level 11. HP: 56/56 MP: 20/22
 11825 | D:11     | Reached *** piety under Ashenzari
 11849 | D:11     | Killed Urug
 11859 | D:12     | Found Plog's Weapon Boutique.
 11859 | D:12     | Noticed a two-headed ogre
 11861 | D:12     | Found Dukuh's Armour Boutique.
 11920 | D:12     | Killed a two-headed ogre
 12044 | D:12     | Reached skill level 6 in Fighting
 12093 | D:12     | Found Xet Biet's Antique Armour Shoppe.
 12331 | D:12     | Found Icuerota's Armour Boutique.
 12845 | D:12     | Noticed a white ugly thing
 12856 | D:12     | Killed a white ugly thing
 12901 | D:12     | Noticed a centaur warrior
 12914 | D:12     | Killed a centaur warrior
 12914 | D:12     | Reached skill level 10 in Stealth
 13561 | Lair:1   | Entered Level 1 of the Lair of Beasts
 13865 | Lair:1   | Got the rapier of Spite {protect, +Inv +Fly rC+++ MR-}
 13867 | Lair:1   | Identified the +3 rapier of Spite {protect, +Inv +Fly rC+++
                  | MR-} (You found it on level 1 of the Lair of Beasts)
 13883 | Lair:1   | Found a gate leading to a gauntlet.
 13894 | Gauntlet | Entered a Gauntlet
 13894 | Gauntlet | Found a transporter.
 13894 | Gauntlet | Found a transporter.
 13898 | Gauntlet | Found a transporter.
 13898 | Gauntlet | Found a transporter.
 13907 | Gauntlet | Found a transporter.
 13926 | Gauntlet | Found a transporter.
 13927 | Gauntlet | Identified the ring "Hasint" {*Drain rElec rF+ rC+ Slay+3}
 13927 | Gauntlet | Identified the amulet of the Devil's Team {Reflect +Blink
                  | MR+ Str-3 SH+2}
 13936 | Gauntlet | Found a transporter.
 13936 | Gauntlet | Found a transporter.
 13939 | Gauntlet | Found a transporter.
 13966 | Gauntlet | Found a transporter.
 13967 | Gauntlet | Noticed a sixfirhy
 13973 | Gauntlet | Found a transporter.
 13992 | Gauntlet | Noticed a soul eater
 14011 | Gauntlet | Found a transporter.
 14025 | Gauntlet | Found a transporter.
 14040 | Gauntlet | Found a transporter.
 14141 | Gauntlet | Found a transporter.
 14167 | Gauntlet | Found a transporter.
 14303 | Gauntlet | Gained mutation: You heal very quickly. [Vine Stalker
                  | growth]
 14303 | Gauntlet | Reached XP level 12. HP: 61/62 MP: 25/25
 14569 | Gauntlet | Got the uncursed pair of gloves "Fakhlel" {Stlth+}
 14580 | Gauntlet | Identified the +1 pair of gloves "Fakhlel" {Stlth+} (You
                  | found it in a Gauntlet)
 14598 | Gauntlet | Noticed a minotaur
 14611 | Gauntlet | Killed a minotaur
 14611 | Gauntlet | Reached skill level 7 in Fighting
 14805 | Lair:1   | Noticed a four-headed hydra
 15180 | D:12     | Bought the +4 skin of Zhor {Hibernate rC+++ SInv} for 665
                  | gold pieces
 15180 | D:12     | Found the +4 skin of Zhor {Hibernate rC+++ SInv}
 15467 | Lair:1   | Killed a four-headed hydra
 15726 | Lair:2   | Reached **** piety under Ashenzari
 15753 | Lair:2   | Found a frozen archway.
 15884 | IceCv    | Entered an ice cave
 15924 | IceCv    | Reached skill level 5 in Dodging
 16311 | IceCv    | Reached XP level 13. HP: 41/68 MP: 21/27
 16610 | IceCv    | Reached skill level 8 in Fighting
 16664 | IceCv    | Noticed a frost giant
 16829 | IceCv    | Learned a level 5 spell: Lee's Rapid Deconstruction
 17331 | Lair:2   | Found a staircase to the Swamp.
 18056 | Lair:3   | Learned a level 2 spell: Song of Slaying
 18060 | Lair:3   | Learned a level 3 spell: Regeneration
 18064 | Lair:3   | Learned a level 3 spell: Spectral Weapon
 18427 | Lair:3   | Reached skill level 1 in Hexes
 18427 | Lair:3   | Reached skill level 1 in Charms
 19256 | Lair:4   | Reached skill level 10 in Spellcasting
 19357 | Lair:4   | Reached XP level 14. HP: 74/74 MP: 29/29
 19476 | Lair:4   | Found a staircase to the Snake Pit.
 20681 | Lair:5   | Reached skill level 9 in Fighting
 20698 | Lair:5   | Learned a level 6 spell: Deflect Missiles
 21073 | Lair:6   | Entered Level 6 of the Lair of Beasts
 21531 | Lair:6   | Found a viscous altar of Jiyva.
 21531 | Lair:6   | Found a staircase to the Slime Pits.
 22037 | Orc:1    | Entered Level 1 of the Orcish Mines
 22046 | Orc:1    | Noticed an orc warlord
 22204 | Orc:1    | Killed an orc warlord
 22367 | Orc:2    | Entered Level 2 of the Orcish Mines
 23319 | Orc:1    | Noticed Josephine
 23330 | Orc:2    | Killed Josephine
 23533 | Orc:2    | Found Yhualahy's Antique Weapon Shop.
 23533 | Orc:2    | Found Deseaz's Weapon Emporium.
 23535 | Orc:2    | Found Zyoxe's Armour Shoppe.
 23537 | Orc:2    | Found Vaomimio's Antique Weapon Boutique.
 23552 | Orc:2    | Bought the +7 rapier "Sytiteud" {drain, rF+ rC- Int+4} for
                  | 864 gold pieces
 23848 | Orc:1    | Reached ***** piety under Ashenzari
 23926 | Orc:1    | Reached XP level 15. HP: 66/79 MP: 30/30
 24407 | D:13     | Reached skill level 1 in Long Blades
 24692 | D:13     | Reached skill level 1 in Shields
 24873 | D:13     | Found a gate to the Vaults.
 25556 | Snake:1  | Entered Level 1 of the Snake Pit
 25788 | Orc:2    | Bought +0 swamp dragon scales for 600 gold pieces
 25969 | Swamp:1  | Entered Level 1 of the Swamp
 26410 | Snake:1  | Noticed Agnes
 26427 | Snake:1  | Killed Agnes
 26427 | Snake:1  | Reached skill level 5 in Long Blades
 26427 | Snake:1  | Reached skill level 1 in Armour
 27037 | Orc:2    | Found a roughly hewn altar of Beogh.
 28675 | D:14     | Cast into level 3 of the Abyss (skeletal warrior)
 28687 | D:14     | Escaped the Abyss
 29185 | D:14     | Found an ancient bone altar of Kikubaaqudgha.
 29257 | D:15     | Entered Level 15 of the Dungeon
 29285 | D:15     | Found a staircase to the Depths.
 29285 | D:15     | Noticed a fire giant
 29797 | D:15     | Found an opulent altar of Gozag.
 30597 | Snake:1  | Reached XP level 16. HP: 84/84 MP: 31/31
 30601 | Snake:1  | Reached skill level 5 in Shields
 31324 | Snake:2  | Noticed Aizul
 31347 | Snake:1  | Killed Aizul
 31639 | Snake:2  | Reached skill level 5 in Armour
 31931 | Snake:2  | Noticed a nagaraja
 31945 | Snake:2  | Killed a nagaraja
 31971 | Snake:2  | Found a shimmering altar of Xom.
 32443 | Snake:3  | Noticed Mara
 32472 | Snake:3  | Reached skill level 10 in Long Blades
 32557 | Snake:3  | Noticed a nagaraja
 32566 | Snake:3  | Killed a nagaraja
 32780 | Snake:4  | Entered Level 4 of the Snake Pit
 32942 | Snake:4  | Found Qaaz's Magic Scroll Shoppe.
 32951 | Snake:4  | Bought a scroll of enchant weapon for 82 gold pieces
 32951 | Snake:4  | Bought a scroll of enchant weapon for 82 gold pieces
 32984 | Snake:4  | Reached XP level 17. HP: 53/88 MP: 22/32
 33955 | Snake:4  | Reached ****** piety under Ashenzari
 34442 | Snake:4  | Got a serpentine rune of Zot
 35287 | Swamp:1  | Reached XP level 18. HP: 93/93 MP: 26/33
 36692 | Swamp:3  | Learned a level 6 spell: Iron Shot
 36726 | Swamp:3  | Reached skill level 1 in Conjurations
 36771 | Swamp:3  | Noticed Kirke
 36785 | Swamp:3  | Killed Kirke
 36795 | Swamp:3  | Reached skill level 10 in Shields
 37282 | Swamp:4  | Entered Level 4 of the Swamp
 37960 | Swamp:4  | Noticed the 27-headed Lernaean hydra
 38133 | Swamp:4  | Killed the 27-headed Lernaean hydra
 38161 | Swamp:4  | Reached skill level 5 in Conjurations
 38536 | Swamp:4  | Got a decaying rune of Zot
 38836 | Vaults:1 | Entered Level 1 of the Vaults
 39136 | Vaults:1 | Reached XP level 19. HP: 84/97 MP: 30/34
 39856 | Vaults:1 | Reached skill level 10 in Armour
 40453 | Vaults:2 | Noticed Asterion
 40475 | Vaults:2 | Reached skill level 10 in Fighting
 40737 | Vaults:2 | Reached skill level 10 in Earth Magic
 40761 | Vaults:2 | Reached skill level 5 in Charms
 40761 | Vaults:2 | Reached skill level 1 in Necromancy
 40809 | Vaults:2 | Reached skill level 1 in Air Magic
 41225 | Vaults:2 | Killed Asterion
 42051 | Vaults:3 | Noticed Boris
 42094 | Vaults:3 | Killed Boris
 42126 | Vaults:3 | Noticed Mennas
 42242 | Vaults:3 | Reached XP level 20. HP: 103/103 MP: 36/36
 43116 | Vaults:3 | Found a staircase to the Crypt.
 43720 | Vaults:3 | Reached skill level 11 in Fighting
 44142 | Vaults:4 | Reached skill level 5 in Necromancy
 44163 | Vaults:4 | Reached skill level 5 in Air Magic
 44421 | Vaults:4 | Reached XP level 21. HP: 70/109 MP: 29/38
 44760 | Vaults:4 | Identified the Volume of Ignition and Boosts
 45384 | Depths:1 | Entered Level 1 of the Depths
 45384 | Depths:1 | Found a portal to a secret trove of treasure.
 45643 | Orc:2    | Noticed Azrael
 45695 | Orc:2    | Killed Azrael
 45757 | Orc:2    | Found a staircase to the Elven Halls.
 45782 | Elf:1    | Entered Level 1 of the Elven Halls
 46894 | Elf:2    | Found a runed translucent gate.
 46900 | Elf:2    | Found a runed translucent gate.
 47014 | Elf:2    | Found a runed translucent gate.
 47073 | Elf:2    | Gained mutation: Scrolls take you a little longer to read.
                  | [a neqoxec]
 47081 | Elf:2    | Lost mutation: Scrolls take you a little longer to read.
                  | [potion of mutation]
 47081 | Elf:2    | Gained mutation: You evolve. [potion of mutation]
 47081 | Elf:2    | Gained mutation: You have a pair of small horns on your
                  | head. [potion of mutation]
 47081 | Elf:2    | Gained mutation: You expend magic power (3 MP) to
                  | strengthen your wands. [potion of mutation]
 47158 | Elf:2    | Found Wejitut's Jewellery Emporium.
 47162 | Elf:2    | Found Naonob's General Store.
 47163 | Elf:2    | Found Resoepep's General Store.
 47191 | Elf:2    | Bought a scroll of blinking for 97 gold pieces
 47193 | Elf:2    | Bought the ring "Tibase" {+Inv rElec rF++ EV+4 Str-4} for
                  | 859 gold pieces
 47558 | Elf:2    | Reached skill level 12 in Fighting
 48082 | Elf:1    | Identified the +5 spear "Murmur" {flame, rF+}
 48134 | Elf:1    | Reached XP level 22. HP: 74/115 MP: 37/40
 48212 | Elf:1    | Identified a scroll of acquirement
 48213 | Elf:1    | Found the cursed +18 shield of the Gong {rElec rN+ MR+
                  | EV-5}
 49052 | Elf:3    | Entered Level 3 of the Elven Halls
 49133 | Elf:3    | Identified the +5 scimitar of the Imperium {slice, MR+
                  | Str+6}
 49303 | Elf:3    | Identified the ring of Neunker {rC+ MR+ Str+5}
 49355 | Elf:3    | Found Cetang's Gadget Emporium.
 49363 | Elf:3    | Bought a wand of clouds (7) for 495 gold pieces
 49363 | Elf:3    | Bought a wand of scattershot (5) for 405 gold pieces
 49363 | Elf:3    | Bought a sack of spiders for 300 gold pieces
 49546 | Elf:3    | Identified the +1 quarterstaff of the Vaults {pain, Str+3}
 50625 | Elf:3    | Identified the ring of the Leaf {Ice -Tele Str+2 Int+4
                  | Stlth+}
 50631 | Elf:3    | Identified the ring of Umepn {rC+ Str+4 Slay+3}
 50719 | Elf:3    | Identified the cursed +3 shortbow "Uwargh Naubro" {venom,
                  | rN+} (You found it on level 2 of the Elven Halls)
 50734 | Elf:3    | Identified the +6 quarterstaff of Dung {freeze, Str+3}
 50930 | Elf:3    | Identified the +3 halberd "Spiderbane" {chop, rF+ Str-2
                  | Dex+3}
 51253 | Elf:3    | Reduced skill Transmutations to level 1
 51926 | Vaults:5 | Entered Level 5 of the Vaults
 52139 | Vaults:4 | Reached skill level 5 in Evocations
 52181 | Vaults:4 | Reached skill level 10 in Dodging
 52250 | Vaults:4 | Reached XP level 23. HP: 92/121 MP: 40/42
 52284 | Vaults:4 | Gained mutation: You are weak. (Str -2) [evolution]
 52510 | Vaults:4 | Reached skill level 10 in Air Magic
 52816 | Vaults:5 | HP: 6/121 [fire giant/bolt of fire (9)]
 53159 | Vaults:5 | Reached skill level 13 in Fighting
 53276 | Vaults:5 | Got a silver rune of Zot
 53452 | Vaults:5 | Identified the ring "Saedghoj" {MR+ Str+2}
 53588 | Vaults:5 | Noticed a golden dragon
 53601 | Vaults:5 | Killed a golden dragon
 53738 | Vaults:5 | Noticed a golden dragon
 53759 | Vaults:5 | Killed a golden dragon
 53826 | Vaults:5 | Identified the +1 cloak "Gujiac" {rF+ rC+}
 53864 | Vaults:5 | Identified the +5 scale mail of the Lion {+Inv Regen+
                  | Dex+4}
 53966 | Vaults:5 | Noticed an ancient lich
 54006 | Vaults:5 | Killed an ancient lich
 54178 | Vaults:5 | Identified the cursed +5 shield "Temiefin" {rElec MP-9
                  | Str+3} (You acquired it on level 5 of the Vaults)
 54280 | Vaults:5 | Reached XP level 24. HP: 127/127 MP: 33/42
 54871 | Depths:1 | Found Ecogoela's Serpentskin Sales.
 54960 | Depths:1 | Identified the Tome of Creation
 54968 | Depths:1 | Learned a level 5 spell: Summon Mana Viper
 55159 | Depths:1 | Identified the Incunabulum of the Mountains
 55213 | Depths:1 | Found a gateway to Hell.
 55221 | Depths:1 | Gained mutation: You are partially covered in iridescent
                  | scales. (AC +2) [evolution]
 55308 | Depths:1 | Reached skill level 1 in Summonings
 55629 | Depths:1 | Reached skill level 15 in Spellcasting
 55660 | Depths:1 | Identified Huri Bech's Volume of Transformation
 55843 | Depths:1 | You paid a toll of +4 ice dragon scales to enter a treasure
                  | trove
 55844 | Trove    | Entered a treasure trove
 55850 | Trove    | Identified the cursed ring "Miafosic" {+Fly rF+ rC- Dex+4}
 55850 | Trove    | Identified the cursed amulet "Ojoup" {Faith MR+ Int+5}
 55850 | Trove    | Identified the cursed amulet of Exhibitionism {Gourm +Fly
                  | Str+4}
 55850 | Trove    | Identified the +7 hunting sling "Leacs" {freeze, +Blink
                  | rPois Str+4 Int-2}
 55850 | Trove    | Identified the cursed amulet "Yzox" {rPois Regen+ Stlth+}
 56111 | Depths:1 | Identified the Volume of Flight
 56132 | Depths:1 | Found Daesm's Food Shop.
 56947 | Depths:2 | Reached skill level 14 in Fighting
 57497 | Depths:2 | Found a runed translucent door.
 57516 | Depths:2 | Reached skill level 5 in Summonings
 57581 | Depths:2 | Noticed Boris
 57589 | Depths:2 | Identified the amulet of the Dozen Queens {Faith Str+2}
 57605 | Depths:2 | Killed Boris
 57618 | Depths:2 | Reached XP level 25. HP: 114/133 MP: 34/43
 58207 | Depths:2 | Identified the +2 leather armour of the Big Bang {+Blink
                  | rPois rF- Dex-2}
 58588 | Depths:3 | Noticed the Enchantress
 58651 | Depths:3 | Killed the Enchantress
 58651 | Depths:3 | Reached skill level 15 in Fighting
 58820 | Depths:3 | Learned a level 5 spell: Irradiate
 59282 | Depths:3 | Found a one-way gate leading to the halls of Pandemonium.
 59289 | Depths:3 | Reached skill level 1 in Transmutations
 59386 | Depths:3 | Identified Lee's Tome of Earthen Battle Magic
 59822 | Depths:4 | Found a one-way gate to the infinite horrors of the Abyss.
 59826 | Depths:4 | Identified the amulet of the Crown {Fragile +Rage Int+5}
 59826 | Depths:4 | Identified the ring "Wuras" {rPois MP+9 Dex+2 SInv}
 59828 | Depths:4 | Noticed a juggernaut
 59830 | Depths:4 | Identified the ring "Veinaino" {rElec MR+ Dex+4}
 59830 | Depths:4 | Identified the amulet of Labbuniu {Gourm rF+ Dex+5}
 59836 | Depths:4 | Found a runed translucent door.
 59840 | Depths:4 | Found a runed translucent door.
 59840 | Depths:4 | Found a runed translucent door.
 60336 | Depths:4 | Found a gateway to a ziggurat.
 60655 | Depths:5 | Entered Level 5 of the Depths
 60741 | Depths:4 | Reached XP level 26. HP: 127/141 MP: 29/44
 61260 | Depths:5 | Reached skill level 16 in Fighting
 61341 | Depths:5 | Found a gate to the Realm of Zot.
 61901 | Zot:1    | Entered Level 1 of the Realm of Zot
 62417 | Depths:5 | Reached skill level 5 in Transmutations
 63032 | Zot:1    | Identified the +1 robe of the Duke {rElec Int+4}
 63531 | Zot:1    | Gained mutation: You are resistant to hostile enchantments.
                  | (MR+) [evolution]
 63581 | Zot:1    | Reached XP level 27. HP: 144/149 MP: 23/44
 63646 | Zot:1    | Reached skill level 17 in Fighting
 63646 | Zot:1    | Reached skill level 15 in Armour
 63805 | Zot:1    | HP: 1/223 [deathcap[a curse toe] (18)]
 63808 | Zot:1    | Killed from afar by a deathcap

Levels and vault maps discovered:
D:1:      lightli_arrival_statuegarden, layout_basic, minmay_misc_feat_doors,
          minmay_gold_behind_fungi, minmay_octomino_j4
D:2:      layout_basic, nicolae_dithmenos_shadow_blocks, evilmike_ruin_ashenzari
D:3:      layout_loops_ring, minitemple
D:4:      layout_basic, nicolae_ru_the_path_less_chosen,
          minmay_temple_entry_grid, serial_shops, nicolae_shop_crystal,
          first_ration, serial_bayou_ford_a, uniq_sigmund
D:5:      layout_loops_ring
D:6:      layout_basic, old_standard_altar, xom_redecorated
D:7:      layout_gridville, nicolae_overflow_hidden_temple
D:8:      layout_rooms, old_standard_altar, david_nohive_1
D:9:      layout_stronghold
D:10:     layout_roguey, hiddenorc1_lemuel
D:11:     layout_stronghold, grunt_lair_entry_orc_guard_hut, serial_shops, shop,
          uniq_urug
D:12:     minmay_cornered_nines, layout_basic, serial_shops, shop,
          kennysheep_mini_moat, nicolae_shop_waterfront, shop
D:13:     layout_roguey, david_vaults_2
D:14:     layout_irregular_city, basic_altar, minmay_misc_feat_alley
D:15:     grunt_enter_depths_giant_problem, layout_rooms,
          hangedman_abyss_or_decor_lesser_grid, basic_altar
Lair:1:   layout_chaotic_city, gauntlet_entry_generic
Lair:2:   layout_hall_layers, swamp_mist, portal_ice_cave_demonic_guard,
          serial_bayou_shore_b
Lair:3:   wander_river, layout_chaotic_city, pond
Lair:4:   layout_cave_pods, guppyfry_snake_entry_island, grunt_megastairs_4,
          lemuel_fruit_tree
Lair:5:   layout_cave_pods, hibernation_bobbens
Lair:6:   hangedman_lair_tendril_chambers, layout_small_grid, slime_altar_1,
          nicolae_quartered_pool_medium
Swamp:1:  layout_basic_swamp, nicolae_swamp_fairy_circle,
          infiniplex_staircase_pool
Swamp:2:  layout_basic_swamp, nicolae_swamp_feature_on_the_river_bank,
          swamp_pool2, nicolae_swamp_alligator_family
Swamp:3:  layout_basic_swamp, evilmike_swamp_ruin_house_4, uniq_kirke
Swamp:4:  swamp, layout_basic_swamp
Snake:1:  layout_misc_corridors, uniq_agnes
Snake:2:  layout_misc_corridors, basic_altar, uniq_aizul
Snake:3:  layout_cave_pods, uniq_mara
Snake:4:  johnstein_snake_rune_scales, layout_basic, serial_shops, shop_scrolls
Orc:1:    layout_caves, uniq_josephine
Orc:2:    st_orc_rangers, layout_diamond_mine, minmay_orc_temple_c, uniq_azrael
Elf:1:    layout_gridlike, evilmike_minifort
Elf:2:    layout_gridlike, minmay_shop_star
Elf:3:    nooodl_elf_gasket, layout_onion_city, serial_shops, shop,
          einodemon_barbed_minivault
Vaults:1: nicolae_vaults_bisected_inception, nicolae_vaults_circle_grid_a,
          vaults_room_pool, ontoclasm_vaults_pinch, vaults_room_door_hall,
          vaults_dpeg_ring, v_misc_14, layout_vaults_quadrants
Vaults:2: ontoclasm_vaults_gateway, grunt_vaults_bifocal,
          nicolae_vaults_shelves_hall, ontoclasm_vaults_twist, v_misc_5,
          v_alt_pattern_2, ontoclasm_vaults_decontamination, v_misc_18,
          special_room_vaults [special_room_orc], nicolae_vaults_what_the_h,
          nicolae_vaults_diagonal_hallway_8, nicolae_vaults_network_square,
          layout_vaults_big_room, uniq_asterion
Vaults:3: serial_ice_m, ontoclasm_vaults_claustrophobia, grunt_vaults_focal,
          minmay_crypt_entry_skeletal_spiral, nicolae_vaults_three_branches,
          v_pattern_5, kb_rosetta, v_misc_15, hangedman_vaults_slice,
          grunt_vaults_twisty, vaults_mumra_hex,
          nicolae_vaults_diagonal_hallway_7, nicolae_vaults_border_crossing,
          vaults_dpeg_hooks, layout_vaults_omnicross, uniq_boris, uniq_mennas
Vaults:4: hangedman_vaults_capsules, nicolae_vaults_bisected_slash,
          ontoclasm_vaults_shuriken, vaults_dpeg_cross, hangedman_vaults_stream,
          hangedman_vaults_corner_blocks, vaults_room_large_hall,
          nicolae_vaults_circle_grid_a, v_rooms_3, v_misc_8,
          vaults_room_door_ring, vaults_standard_mumra_lines, v_misc_27,
          nicolae_vaults_little_squares_4, layout_vaults_maze
Vaults:5
Depths:1: layout_cave_shapes, enter_trove_2, grunt_hell_entry_dis_mu,
          serial_hangedman_research, hangedman_research_electronics,
          hangedman_research_metamorphosis, hangedman_research_convocations,
          hangedman_research_geology, serial_shops,
          nicolae_shop_temple_entry_statues_fountains, guppyfry_shop_venom
Depths:2: box_level_dp, hell_entry
Depths:3: cheibrodos_lost_city_excavation, layout_gridlike, hell_entry,
          rand_demon_pan_entry_4, minmay_misc_feat_rugged, kennysheep_boxes,
          uniq_enchantress
Depths:4: minmay_the_grid_triangle_9x9_recursive_3_mashed
          [minmay_the_grid_triangle_9x9_impossible_snake,
          minmay_the_grid_triangle_9x9_corruption,
          minmay_the_grid_triangle_9x9_fully_insulated_deathbox,
          minmay_the_grid_triangle_9x9_prize_special,
          minmay_the_grid_triangle_9x9_cache,
          minmay_the_grid_triangle_9x9_shrine,
          minmay_the_grid_triangle_9x9_zippers_vertical,
          minmay_the_grid_triangle_9x9_limited_checkers,
          minmay_the_grid_triangle_9x9_pentomino_pain], layout_small_grid,
          enter_ziggurat_b, hangedman_geh_valley, abyss_entry, serial_bayou,
          serial_bayou_shore_a, serial_bayou_lagoon_b, serial_bayou_lagoon_a,
          wad_rectangle_vault
Depths:5: grunt_zot_entry_alcove, layout_cave_pools, pf_coc_iceberg,
          lemuel_nasty_fountain
Zot:1:    grunt_deathspiral_small, layout_onion_interference

Skill      XL: |  1  2  3  4  5  6  7  8  9 10 11 12 13 14 15 16 17 18 19 20 21 22 23 24 25 26 27 |
---------------+----------------------------------------------------------------------------------+-----
Stealth        | 3 4 5 6 8 9 10 11 12 13 | 13.6
Short Blades   | 1 2 3 4 5 6 7 8 9 |  9.7
Spellcasting   | 3 4 5 6 7 8 9 10 11 12 13 14 15 16 | 16.0
Fighting       | 1 2 3 4 5 6 7 8 9 10 11 12 13 14 15 16 17 | 17.0
Earth Magic    | 4 5 6 7 8 9 10 11 12 13 | 13.7
Transmutations | 2 3 5 0 3 5 |  5.3
Evocations     | 2 3 5 7 |  7.1
Dodging        | 2 4 5 6 7 8 10 11 13 14 | 14.9
Hexes          | 2 4 |  4.9
Charms         | 2 4 6 7 8 9 |  9.2
Long Blades    | 7 10 12 | 12.8
Shields        | 4 7 9 11 12 13 | 13.5
Armour         | 3 6 7 9 10 11 12 13 14 15 | 15.0
Conjurations   | 5 6 7 9 |  9.7
Necromancy     | 3 5 |  5.4
Air Magic      | 3 5 7 9 10 | 10.8
Summonings     | 5 6 |  6.2

Action                   |  1- 3 |  4- 6 |  7- 9 | 10-12 | 13-15 | 16-18 | 19-21 | 22-24 | 25-27 || total
-------------------------+-------+-------+-------+-------+-------+-------+-------+-------+-------++-------
Melee: Unarmed           |     3 |       |       |       |       |       |       |       |       ||     3
       Short sword       |    65 |    52 |       |       |       |       |       |       |       ||   117
       Bite              |    15 |    32 |    87 |   289 |   709 |   492 |   734 |   687 |   633 ||  3678
       Dagger            |       |   124 |   326 |   803 |  1208 |       |       |       |       ||  2461
       Rapier            |       |       |       |    70 |   323 |       |       |       |       ||   393
       Demon blade       |       |       |       |       |   426 |  1269 |  1862 |  1543 |  1174 ||  6274
       Headbutt          |       |       |       |       |       |       |    46 |   466 |   442 ||   954
Throw: Dart              |       |       |    21 |       |       |       |       |       |       ||    21
 Cast: Sandblast         |    19 |    27 |    62 |    10 |       |    43 |       |       |       ||   161
       Passwall          |       |     2 |     2 |    14 |     7 |       |       |     5 |       ||    30
       Petrify           |       |       |    20 |    38 |    39 |    15 |     1 |     1 |     1 ||   115
       Lee's Rapid Decon |       |       |       |       |    24 |    10 |     3 |     5 |     7 ||    49
       Regeneration      |       |       |       |       |     5 |    17 |    18 |    40 |    18 ||    98
       Song of Slaying   |       |       |       |       |     7 |    13 |    17 |    15 |     2 ||    54
       Spectral Weapon   |       |       |       |       |     2 |    43 |    47 |    37 |     8 ||   137
       Stone Arrow       |       |       |       |       |       |    27 |     3 |       |       ||    30
       Deflect Missiles  |       |       |       |       |       |       |     5 |    12 |     7 ||    24
       Summon Mana Viper |       |       |       |       |       |       |       |     2 |    24 ||    26
       Iron Shot         |       |       |       |       |       |       |       |       |    16 ||    16
Invok: Scrying           |       |       |     1 |     5 |     4 |       |     1 |     3 |     2 ||    16
       Curse Item        |       |       |       |       |     7 |       |       |     5 |     1 ||    13
       Transfer Knowledg |       |       |       |       |       |       |       |     1 |       ||     1
 Abil: Evoke Invisibilit |       |       |       |     4 |     8 |       |       |       |       ||    12
Evoke: Wand              |       |       |       |     9 |     2 |    10 |    15 |       |     3 ||    39
       Sack of spiders   |       |       |       |       |       |       |     4 |     1 |       ||     5
  Use: Potion            |       |     3 |       |       |     3 |       |     3 |     2 |     2 ||    13
       Scroll            |       |    10 |     4 |     9 |    17 |    14 |     7 |    21 |     7 ||    89
 Stab: Sleeping          |     4 |    10 |     6 |    37 |    53 |    21 |    35 |    19 |    19 ||   204
       Invisible         |       |     1 |       |    10 |    28 |       |       |       |       ||    39
       Petrified         |       |       |     9 |    14 |     8 |     4 |       |       |       ||    35
       Petrifying        |       |       |     2 |     9 |    16 |     1 |       |       |       ||    28
       Distracted        |       |       |       |     4 |     6 |     7 |    12 |    11 |     8 ||    48
       Confused          |       |       |       |       |       |     1 |       |       |       ||     1
  Eat: Chunk             |     1 |     9 |    14 |    26 |    44 |    19 |    31 |    22 |    15 ||   181
       Ration            |       |       |     2 |     2 |     5 |     4 |     1 |     5 |     4 ||    23
Armor: Robe              |    28 |    52 |     9 |       |       |       |       |       |       ||    89
       Leather armour    |       |       |    88 |   170 |       |       |       |       |       ||   258
       Animal skin       |       |       |       |    80 |   384 |       |       |       |       ||   464
       Swamp dragon scal |       |       |       |       |   131 |   430 |   328 |     7 |       ||   896
       Scale mail        |       |       |       |       |       |       |       |   239 |    30 ||   269
       Acid dragon scale |       |       |       |       |       |       |       |       |   113 ||   113
Dodge: Dodged            |    77 |   135 |   245 |   418 |  1181 |   798 |   629 |   652 |   687 ||  4822
       Deflected         |       |       |       |       |       |       |    22 |    89 |    48 ||   159
Block: Shield            |       |       |       |       |   212 |   726 |   729 |   775 |   765 ||  3207
       Rpst.: Demon blade |       |       |       |       |    70 |   165 |   147 |   116 |    89 ||   587
